 Dungeon Crawl Stone Soup version 0.29-a0-559-g359e09b9d1 (webtiles) character file.

Game seed: 16403781744860078888

142 zeratav the Vandal (level 5, -1/25 HPs)
             Began as a Spriggan Hunter on June 9, 2022.
             Slain by a river rat (9 damage)
             ... in a sewer.
             The game lasted 00:03:44 (2814 turns).

zeratav the Vandal (Spriggan Hunter)                Turns: 2814, Time: 00:03:44

Health: -1/25      AC:  2    Str:  7    XL:     5   Next: 3%
Magic:  6/6        EV: 18    Int: 10    God:
Gold:   95         SH:  0    Dex: 21    Spells: 4/4 levels left

rFire   . . .      SeeInvis +   a - +1 hunting sling {sling}
rCold   . . .      Faith    .   (no shield)
rNeg    . . .      Spirit   .   b - +0 robe
rPois   .          Reflect  .   (helmet restricted)
rElec   .          Harm     .   (no cloak)
rCorr   .          Rampage  .   (gloves unavailable)
Will    +....                   (boots unavailable)
Stlth   +++.......              (no amulet)
HPRegen 0.08/turn               h - ring of willpower
MPRegen 0.10/turn               (no ring)

@: very quick
A: very small, no large weapons, unfitting armour, see invisible, speed 3
a: no special abilities


You were in a sewer.
You visited 1 branch of the dungeon, and saw 3 of its levels.
You also visited: Sewer.

You collected 95 gold pieces.


Innate Abilities, Weirdness & Mutations

You are very small and have problems with some larger weapons.
You are too small for most types of armour.
You have supernaturally acute eyesight. (SInv)
You cover ground extremely quickly. (Speed+++)


   Skills:
 - Level 1.5 Fighting
 + Level 6.7 Slings
 - Level 2.6 Dodging
 - Level 5.0 Stealth


You had 4 spell levels left.
You didn't know any spells.
Your spell library contained the following spells:

 Spells                   Type           Power      Damage    Failure   Level
 Gell's Gravitas          Tloc           0%         N/A       75%         3
 Teleport Other           Tloc           0%         N/A       75%         3
 Dispersal                Tloc           0%         N/A       100%        6

Inventory:

Hand Weapons
 a - a +1 hunting sling (weapon) {sling}
 m - a +2 short sword of speed {short}
   (You found it on level 3 of the Dungeon)
 n - a +2 dagger of flaming {short}
   (You took it off a goblin on level 3 of the Dungeon)
Armour
 b - a +0 robe (worn)
Jewellery
 d - a ring of magical power
   (You found it on level 1 of the Dungeon)
 h - a ring of willpower (left hand)
   (You found it on level 1 of the Dungeon)
 i - a ring of wizardry
   (You found it on level 2 of the Dungeon)
Scrolls
 c - 2 scrolls of immolation {!r!r}
 f - a scroll of identify {unknown}
 j - a scroll of magic mapping {unknown}
 p - a scroll of teleportation {unknown}
 q - a scroll of summoning {unknown}
Potions
 e - 2 potions of attraction {!q}
 g - 2 potions of brilliance
 k - a potion of curing {@q1}
 l - 3 potions of heal wounds {unknown}
 o - a potion of mutation {!q}

Dungeon Overview and Level Annotations

Branches:
Dungeon (3/15)              Sewer (1/1)

Altars:

Shops:
D:2

*
#################################
≈≈≈≈≈≈≈≈.≈.≈≈≈≈≈≈.≈≈≈..≈..≈≈≈≈≈.≈
≈≈.≈≈≈≈≈≈≈≈≈≈≈≈≈≈≈≈≈≈≈≈≈≈≈≈≈≈≈≈≈≈
≈≈≈≈≈≈.≈≈.≈≈≈†≈≈≈≈≈≈.≈≈≈.≈.≈≈≈≈≈.
##≈≈≈#######################≈≈≈##
#≈≈≈# ###### ###### #≈≈≈# #≈≈≈#
#..!.# #....# #≈≈≈#
#≈≈†#####''#####rr##### #≈≈≈#
#.≈≈≈.≈........@r....∩# #≈≈.#
#.≈≈≈≈...............∩#
#≈≈≈#####++#####''##### #≈≈≈#


SSSS# #....# #≈≈≈# ###### ###### #≈≈≈# #≈≈≈≈ #.≈.≈≈ #≈≈≈≈≈ You could see 3 river
rats.


Message History

A bat comes into view.
You shoot a sling bullet. The sling bullet hits the bat.
You shoot a sling bullet.
The sling bullet closely misses the bat.
The bat hits you but does no damage. The bat closely misses you.
You shoot a sling bullet.
The sling bullet closely misses the bat.
The bat closely misses you. The bat hits you.
HP[-1]
You take 1 damage, and now have 21/22 hp.
You shoot a sling bullet. The sling bullet hits the bat!
You kill the bat!
You shoot a sling bullet. The sling bullet hits the quokka.
No target in view!
No target in view!
No target in view!
You enter the shallow water.
Moving in this stuff is going to be slow.
You shoot a sling bullet. The sling bullet misses the quokka.
You shoot a sling bullet.
The sling bullet closely misses the quokka.
You shoot a sling bullet. The sling bullet hits the quokka.
You shoot a sling bullet.
The sling bullet closely misses the quokka.
You shoot a sling bullet.
The sling bullet barely misses the quokka.
You shoot a sling bullet. The sling bullet hits the quokka.
You kill the quokka!
HP[+1]
Your hp is fully restored (22).
You enter the shallow water.
Moving in this stuff is going to be slow.
You enter the shallow water.
Moving in this stuff is going to be slow.
You enter the shallow water.
Moving in this stuff is going to be slow.
A giant cockroach comes into view.
You shoot a sling bullet.
The sling bullet hits the giant cockroach but does no damage.
No target in view!
No target in view!
You enter the shallow water.
Moving in this stuff is going to be slow.
You shoot a sling bullet.
The sling bullet hits the giant cockroach but does no damage.
You shoot a sling bullet.
The sling bullet barely misses the giant cockroach.
You shoot a sling bullet.
The sling bullet hits the giant cockroach.
No target in view!
No target in view!
A bat comes into view.
You shoot a sling bullet.
The sling bullet hits the giant cockroach.
You kill the giant cockroach!
You shoot a sling bullet. The sling bullet hits the bat!
You kill the bat!
No target in view!
No target in view!
No target in view!
You enter the shallow water.
Moving in this stuff is going to be slow.
You open the large door.
No target in view!
There is a large open door here.
o - a potion of mutation {!q}
p - a scroll labelled UGINEMAIFI You see here a potion of degeneration {!q@e2}.
q - a scroll labelled BIEBYJ BIUPUOSH
There is a large open door here.
You open the large door. 4 adders come into view.
You close the large door.
Found two gates leading back out of this place.
You open the large door.
No target in view!
There is a large open door here.
You now have 58 gold pieces (gained 14).
You now have 78 gold pieces (gained 20).
You now have 85 gold pieces (gained 7).
You now have 95 gold pieces (gained 10).
There is a large open door here.
As you open the large door, it creaks loudly! 4 river rats come into view.
You shoot a sling bullet. The sling bullet hits the river rat!
The river rat misses you.
You shoot a sling bullet. The sling bullet hits the river rat!
You kill the river rat!
The river rat barely misses you. x2; The river rat bites you. x2
The river rat bites you!
* * * LOW HITPOINT WARNING * * *
You have reached level 5!
You feel agile.
HP[-14] MP[+1]
You now have 25 max hp (+3).
You take 14 damage, and now have 8/25 hp.
MASSIVE DAMAGE!! (PAUSE)
Your mp is fully restored (6).
The river rat bites you!
You die...

Skill      XL: |  1  2  3  4 |
---------------+-------------+-----
Stealth        | 2 3 4 5 |  5.0
Slings         | 5 6 |  6.7
Fighting       | |  1.5
Dodging        | |  2.6

Action                   |  1- 3 |  4- 6 || total
-------------------------+-------+-------++-------
 Fire: Hunting sling     |   126 |    58 ||   184
  Use: Potion            |     3 |       ||     3
Armor: Robe              |     3 |     4 ||     7
Dodge: Dodged            |    36 |    43 ||    79

Levels and vault maps discovered:
D:1:      dpeg_arrival_rhombi, layout_basic, dreamdust_ecumenical_altar_statues,
          minmay_pentomino_t2
D:2:      layout_loops_ring, serial_shops, shop
D:3:      layout_basic, portal_sewer_entry_e, serial_corexii_hall,
          corexii_hall_statues_l, corexii_hall_statues_u,
          mrwooster_statue_mirror, uniq_jessica
Sewer:    sewer_fruit_machine

Notes
Turn   | Place    | Note
-------+----------+-------------------------------------------
     0 | D:1      | zeratav the Spriggan Hunter began the quest for the Orb.
     0 | D:1      | Reached XP level 1. HP: 10/10 MP: 2/2
     0 | D:1      | magus.rc [v1.9.6]
    56 | D:1      | Reached skill level 2 in Stealth
    79 | D:1      | Reached skill level 5 in Slings
    96 | D:1      | Reached XP level 2. HP: 8/14 MP: 3/3
   676 | D:1      | Reached skill level 3 in Stealth
   815 | D:1      | Found a faded altar of an unknown god.
  1155 | D:2      | HP: 3/14 [poisoned by an adder]
  1157 | D:2      | Reached XP level 3. HP: 3/18 MP: 4/4
  1158 | D:2      | HP: 1/18 [poisoned by an adder]
  1458 | D:2      | Reached skill level 4 in Stealth
  1523 | D:2      | You add the spells Gell's Gravitas, Teleport Other and
                  | Dispersal to your library.
  1551 | D:2      | Found Fyluim's Assorted Antiques.
  2111 | D:3      | Reached XP level 4. HP: 22/22 MP: 5/5
  2116 | D:3      | Reached skill level 6 in Slings
  2121 | D:3      | Reached skill level 5 in Stealth
  2433 | D:3      | Found a glowing drain.
  2448 | Sewer    | Entered a sewer
  2813 | Sewer    | Reached XP level 5. HP: 8/25 MP: 6/6
  2814 | Sewer    | Slain by a river rat

Vanquished Creatures
  4 gnolls (D:3)
  A river rat (Sewer)
  3 adders
  2 worms
  A dart slug (D:1)
  5 ball pythons
  10 bats
  3 endoplasms
  4 giant cockroaches
  2 goblins
  4 hobgoblins
  A jackal (Sewer)
  4 quokkas
  6 frilled lizards
  5 kobolds
  6 rats
61 creatures vanquished.

Table legend:
 A = Non-vault XP
 B = Vault XP
 C = Vault XP percentage of total XP
 D = Non-vault monster count
 E = Vault monster count
 F = Vault count percentage of total count
                 A         B        C        D         E       F
            +---------+---------+-------+---------+---------+-------
      Total |     149 |      54 |  26.6 |      44 |      17 |  27.9
            +---------+---------+-------+---------+---------+-------
        D:1 |      34 |       3 |   8.1 |      20 |       2 |   9.1
        D:2 |      52 |       0 |   0.0 |      17 |       0 |   0.0
        D:3 |      63 |       9 |  12.5 |       7 |       4 |  36.4
      Sewer |       0 |      42 | 100.0 |       0 |      11 | 100.0
            +---------+---------+-------+---------+---------+-------

Illustrated notes

Table legend:
 A = Kills in this place as a percentage of kills in entire the game.
 B = Kills by you in this place as a percentage of kills by you in the entire game.
 C = Kills by friends in this place as a percentage of kills by friends in the entire game.
 D = Other kills in this place as a percentage of other kills in the entire game.
 E = Experience gained in this place as a percentage of experience gained in the entire game.
 F = Experience gained in this place divided by the number of levels of this place that you have seen.
                   A       B       C       D       E      F
               +-------+-------+-------+-------+-------+----------------------
         Total | 100.0 | 100.0 |   N/A |   N/A | 100.0 |  50.8
       Dungeon |  82.0 |  82.0 |   N/A |   N/A |  79.3 |  53.7
         Sewer |  18.0 |  18.0 |   N/A |   N/A |  20.7 |  42.0
               +-------+-------+-------+-------+-------+----------------------

Table legend: (Time is in decaauts)
 A = Elapsed time spent in this place.
 B = Non-inter-level travel time spent in this place.
 C = Inter-level travel time spent in this place.
 D = Time resting spent in this place.
 E = Time spent auto-exploring this place.
 F = Levels seen in this place.
 G = Mean time per level.
                   A        B        C        D        E       F      G
               +--------+--------+--------+--------+--------+-----+--------+
         Total |   2173 |   2115 |     58 |    313 |   1418 |   4 |  543.2 |
       Dungeon |   1814 |   1756 |     58 |     86 |   1418 |   3 |  604.7 |
         Sewer |    359 |    359 |      0 |    227 |      0 |   1 |  359.0 |
               +--------+--------+--------+--------+--------+-----+--------+

Top non-repeatable levels by time:
     D:1: 849 daAuts
     D:2: 570 daAuts
     D:3: 394 daAuts
   Sewer: 359 daAuts
